 Dungeon Crawl Stone Soup version 0.31.0-12-g77e489cdc1 (webtiles) character file.

Game seed: 9163885933753895654

9777 Ijustatesigmund the Destroyer (level 11, -5/83 HPs)
             Began as a Gnoll Conjurer on Mar 6, 2024.
             Was a Believer of Cheibriados.
             Slain by a fire elemental (13 damage)
             ... summoned by a deep elf pyromancer
             ... on level 9 of the Dungeon on Mar 7, 2024.
             The game lasted 00:32:09 (14152 turns).

Ijustatesigmund the Destroyer (Gnoll Conjurer)     Turns: 14152, Time: 00:32:10

Health: -5/83      AC: 13    Str: 12    XL:     11   Next: 51%
Magic:  23/23      EV: 15    Int: 29    God:    Cheibriados [**....]
Gold:   541        SH:  0    Dex: 16    Spells: 20/26 levels left

rFire   . . .        E - +2 halberd (vamp)
rCold   . . .        (shield currently unavailable)
rNeg    + . .        a - +2 leather armour {rN+}
rPois   .            k - +2 helmet
rElec   .            r - +1 cloak {Will+}
rCorr   +            (no gloves)
SInv    +            l - +1 pair of boots
Will    +....        m - amulet of regeneration
Stlth   ++           s - ring of see invisible
HPRegen 1.13/turn    w - ring of resist corrosion
MPRegen 0.18/turn

%: no passive effects
@: on fire, glowing, very slow
A: fangs 1, strong nose, distributed training
a: Renounce Religion, Bend Time


You were on level 9 of the Dungeon.
You worshipped Cheibriados.
Cheibriados was pleased with you.
You visited 2 branches of the dungeon, and saw 11 of its levels.
You also visited: Sewer and Bailey.

You collected 813 gold pieces.
You spent 272 gold pieces at shops.

Inventory:

Hand Weapons
 c - a +3 flail
 j - a +4 antimagic scythe
 u - a +3 quarterstaff of chaos
 E - a +2 vampiric halberd (weapon)
Missiles
 d - 2 throwing nets
Armour
 a - a +2 leather armour of positive energy (worn)
 k - a +2 helmet (worn)
 l - a +1 pair of boots (worn)
 r - a +1 cloak of willpower (worn)
Magical Staves
 A - a staff of conjuration
Jewellery
 g - a ring of fire
 m - an amulet of regeneration (around neck)
 s - a ring of see invisible (left hand)
 t - an amulet of reflection
 w - a ring of resist corrosion (right hand)
Wands
 v - a wand of flame (6)
 D - a wand of polymorph (3)
Scrolls
 h - a scroll of fear
 i - a scroll of enchant weapon
 q - a scroll of amnesia
 y - 5 scrolls of identify
 B - 2 scrolls of enchant armour
Potions
 b - 2 potions of magic
 n - a potion of haste
 o - a potion of brilliance
 p - 4 potions of curing
Miscellaneous
 e - a phial of floods


   Skills:
 + Level 6.6 Fighting
 + Level 6.6 Short Blades
 + Level 6.6 Long Blades
 + Level 6.6 Axes
 + Level 6.6 Maces & Flails
 + Level 6.6 Polearms
 + Level 6.6 Staves
 + Level 6.6 Ranged Weapons
 + Level 6.6 Throwing
 + Level 6.6 Armour
 + Level 8.1 Dodging
 + Level 7.9 Stealth
 + Level 6.6 Shields
 + Level 6.6 Unarmed Combat
 + Level 8.4 Spellcasting
 + Level 9.1 Conjurations
 + Level 5.4 Hexes
 + Level 5.4 Summonings
 + Level 5.4 Necromancy
 + Level 5.4 Translocations
 + Level 5.4 Fire Magic
 + Level 5.4 Ice Magic
 + Level 5.4 Air Magic
 + Level 5.4 Earth Magic
 + Level 5.4 Alchemy
 + Level 7.2 Invocations
 + Level 6.6 Evocations
 + Level 6.0 Shapeshifting


You had 20 spell levels left.
You knew the following spells:

 Your Spells              Type           Power      Damage    Failure   Level
a - Magic Dart            Conj           100%       1d8       1%          1
b - Searing Ray           Conj           100%       2d8       1%          2
c - Frozen Ramparts       Ice            88%        1d14      1%          3

Your spell library contained the following spells:

 Spells                   Type           Power      Damage    Failure   Level
 Freeze                   Ice            100%       1d10      1%          1
 Shock                    Conj/Air       100%       1d9       1%          1
 Hailstorm                Conj/Ice       53%        3d10      1%          3
 Summon Ice Beast         Ice/Summ       44%        N/A       1%          3
 Swiftness                Air            44%        N/A       1%          3
 Fulminant Prism          Conj/Alch      26%        3d14      2%          4
 Iskenderun's Mystic Bla  Conj/Tloc      53%        2d11      2%          4
 Airstrike                Air            22%        2d(4-20)  5%          4
 Summon Blazeheart Golem  Fire/Summ      44%        N/A       5%          4
 Summon Mana Viper        Hex/Summ       44%        N/A       16%         5
 Orb of Destruction       Conj           30%        9d10      73%         7
 Spellforged Servitor     Conj/Summ      26%        N/A       93%         7
 Monstrous Menagerie      Summ           22%        N/A       99%         7


Dungeon Overview and Level Annotations

Branches:
Dungeon (10/15)            Temple (1/1) D:7            Lair (0/5) D:8
  Sewer (visited)          Bailey (visited)
    Orc: D:9-12

Altars:
Ashenzari
Cheibriados
Dithmenos
Elyvilon
Fedhas
Gozag
Hepliaklqana
Kikubaaqudgha
Makhleb
Nemelex Xobeh
Okawaru
Qazlal
Sif Muna
Uskayaw
Vehumet
Xom
Yredelemnul
Zin
The Shining One

Shops:
D:1 !   D:2 *   D:4 *   D:7 =(*!   D:8 *

Annotations:
D:3 2 runed translucent doors, nitefall's ghost, amateur DgFi
D:8 2 transporters


Innate Abilities, Weirdness & Mutations

You have very sharp teeth.
Your uncanny sense of smell can sniff out nearby items.
Your experience applies equally to all skills.


Message History

Your Shapeshifting skill increases to level 6!
You start resting.
The frozen ramparts melt away.
You start resting.
HP restored.
You start resting.
Magic restored.
You climb upwards.
There is a stone staircase leading down, spattered with blood here.
The deep elf pyromancer casts a spell.
The deep elf pyromancer gestures at you while chanting.
The pyre arrow hits you.
You are covered in intense liquid fire!
You hit the fire elemental.
The fire elemental is lightly damaged.
The liquid fire burns you! The fire elemental hits you.
The fire elemental burns you!
The deep elf pyromancer gestures at you while chanting.
The bolt of fire hits the fire elemental.
The fire elemental completely resists.
The bolt of fire hits you!!
You puncture the fire elemental!
You bite the fire elemental, but do no damage.
The fire elemental is heavily damaged.
The liquid fire burns you! The fire elemental hits you.
The fire elemental burns you! The fire elemental hits you.
* * * LOW HITPOINT WARNING * * *
The fire elemental burns you!
* * * LOW HITPOINT WARNING * * *
The fire elemental barely misses you.
As you read the scroll of fear, it crumbles to dust.
You assume a fearsome visage.
The fire elemental is unaffected. x2
The deep elf pyromancer looks frightened!
The liquid fire burns you!
* * * LOW HITPOINT WARNING * * *
The deep elf pyromancer gestures wildly while chanting.
The deep elf pyromancer blinks!
The fire elemental hits you. The fire elemental burns you!
* * * LOW HITPOINT WARNING * * *
The fire elemental hits you. The fire elemental burns you!
You die...

# #.. #.#..## # ...#
#.#..# ## ##..# #....# ∆
.#### ....# #....' ∆∆∆ ∆
....####...###....# ∆ ∆
.##........#...##.# ∆
.######......####.## ∆∆∆
.# ###...e..###..##
.#####.....#[...@...##
.......##....[..EE...###
##........#.....§.°......
#.###.............°.####
# #....#####........#
#.##..............>.. #
#######........###
#.......... ##..########


You could see a deep elf pyromancer (fleeing) and 2 fire elementals.

Vanquished Creatures
  2 two-headed ogres
  A centaur warrior (D:9)
  An arcanist (D:9)
  An orc knight (Bailey)
  2 manticores (D:9)
  An elephant (D:8)
  A troll (D:10)
  Sigmund (D:3)
  A yak (D:8)
  A shadow (D:9)
  2 basilisks (D:8)
  A wraith (D:9)
  Eustachio (D:4)
  A steam dragon (D:7)
  Edmund (D:4)
  Menkaure (D:4)
  An acid dragon (shapeshifter) (D:9)
  Duvessa (D:4)
  2 water moccasins
  9 orc warriors
  2 sky beasts
  A black bear (D:7)
  2 ice beasts
  An ogre (D:6)
  2 centaurs
  3 phantoms
  A kobold brigand (D:9)
  Blork the orc (D:5)
  A gnoll sergeant (D:7)
  3 bullfrogs
  3 scorpions
  3 wights (D:6)
  Dowan (D:4)
  5 killer bees (D:9)
  6 howler monkeys
  A jelly (D:5)
  6 bombardier beetles
  5 hounds
  Crazy Yiuf (D:4)
  An orc priest (D:4)
  2 gnoll boudas
  A sleepcap (D:6)
  4 iguanas
  Terence (D:3)
  An orc wizard (D:5)
  4 gnolls
  13 adders
  A shadow imp (D:7)
  2 white imps
  4 ufetubi
  10 dart slugs
  2 ribbon worms
  49 orcs
  15 ball pythons
  2 bats
  21 endoplasms
  10 giant cockroaches
  8 goblins
  3 hobgoblins (D:1)
  6 jackals
  6 quokkas
  15 frilled lizards
  14 kobolds
  10 rats
285 creatures vanquished.

Vanquished Creatures (collateral kills)
  2 gnolls (D:7)
2 creatures vanquished.

Grand Total: 287 creatures vanquished

Notes
Turn   | Place    | Note
-------+----------+-------------------------------------------
     0 | D:1      | Ijustatesigmund the Gnoll Conjurer began the quest for the
                  | Orb.
     0 | D:1      | Reached XP level 1. HP: 13/13 MP: 6/6
   424 | D:1      | Reached XP level 2. HP: 19/19 MP: 3/7
   427 | D:1      | Learned a level 2 spell: Searing Ray
   895 | D:1      | Reached skill level 5 in Spellcasting
   895 | D:1      | Reached XP level 3. HP: 25/25 MP: 6/9
  1027 | D:1      | Found a faded altar of an unknown god.
  1100 | D:1      | Found Ackugidgh's Distillery.
  1366 | D:1      | Reached skill level 1 in Invocations
  1450 | D:1      | Bought a potion of heal wounds for 55 gold pieces
  1607 | D:2      | Found Liavvoca's Assorted Antiques.
  1879 | D:2      | Reached skill level 1 in Fighting
  1879 | D:2      | Reached skill level 1 in Short Blades
  1879 | D:2      | Reached skill level 1 in Long Blades
  1879 | D:2      | Reached skill level 1 in Axes
  1879 | D:2      | Reached skill level 1 in Maces & Flails
  1879 | D:2      | Reached skill level 1 in Polearms
  1879 | D:2      | Reached skill level 1 in Staves
  1879 | D:2      | Reached skill level 1 in Ranged Weapons
  1879 | D:2      | Reached skill level 1 in Throwing
  1879 | D:2      | Reached skill level 1 in Armour
  1879 | D:2      | Reached skill level 1 in Shields
  1879 | D:2      | Reached skill level 1 in Unarmed Combat
  1879 | D:2      | Reached skill level 1 in Evocations
  2282 | D:2      | Found a shadowy altar of Dithmenos.
  2343 | D:2      | Reached skill level 1 in Shapeshifting
  2343 | D:2      | Reached XP level 4. HP: 32/32 MP: 9/11
  2511 | D:3      | Noticed a phantom
  2521 | D:3      | Killed a phantom
  2522 | D:3      | Reached skill level 1 in Hexes
  2522 | D:3      | Reached skill level 1 in Summonings
  2522 | D:3      | Reached skill level 1 in Necromancy
  2522 | D:3      | Reached skill level 1 in Translocations
  2522 | D:3      | Reached skill level 1 in Fire Magic
  2522 | D:3      | Reached skill level 1 in Ice Magic
  2522 | D:3      | Reached skill level 1 in Air Magic
  2522 | D:3      | Reached skill level 1 in Earth Magic
  2522 | D:3      | Reached skill level 1 in Alchemy
  2522 | D:3      | Reached XP level 5. HP: 25/37 MP: 1/12
  2820 | D:3      | Noticed Terence
  2827 | D:3      | Killed Terence
  3258 | D:3      | Found a hide-covered altar of Uskayaw.
  3298 | D:3      | Found a runed translucent door.
  3299 | D:3      | Noticed nitefall's ghost (amateur DgFi)
  3313 | D:3      | Noticed Sigmund
  3324 | D:3      | Killed Sigmund
  3325 | D:3      | Reached skill level 5 in Dodging
  3325 | D:3      | Reached XP level 6. HP: 44/44 MP: 5/14
  3787 | D:3      | Found a runed translucent door.
  4180 | D:4      | Reached XP level 7. HP: 50/50 MP: 9/15
  4249 | D:4      | Found Gozag's Platinum Reserve.
  4252 | D:4      | Found an opulent altar of Gozag.
  4253 | D:4      | Noticed Duvessa
  4253 | D:4      | Noticed Dowan
  4267 | D:4      | Killed Duvessa
  4459 | D:4      | Found a runed translucent door.
  4460 | D:4      | Noticed Crazy Yiuf
  4468 | D:4      | Killed Crazy Yiuf
  4594 | D:4      | Noticed Menkaure
  4603 | D:4      | Killed Menkaure
  4604 | D:4      | Reached skill level 5 in Stealth
  4807 | D:4      | Killed Dowan
  4874 | D:4      | Reached XP level 8. HP: 58/58 MP: 11/16
  5013 | D:4      | Noticed Edmund
  5042 | D:4      | Killed Edmund
  5276 | D:4      | Noticed Eustachio
  5319 | D:4      | Killed Eustachio
  5731 | D:5      | Entered Level 5 of the Dungeon
  5755 | D:5      | Noticed Blork the orc
  5864 | D:5      | Killed Blork the orc
  5955 | D:5      | Found a glowing drain.
  5959 | Sewer    | Entered a sewer
  6522 | Sewer    | Reached XP level 9. HP: 65/65 MP: 11/18
  6969 | D:5      | Reached skill level 8 in Conjurations
  7121 | D:5      | Found a blossoming altar of Fedhas.
  7526 | D:6      | Found a snail-covered altar of Cheibriados.
  8125 | D:6      | Found an ancient bone altar of Kikubaaqudgha.
  8125 | D:6      | Found an iron altar of Okawaru.
  8136 | D:6      | Reached skill level 5 in Invocations
  8275 | D:7      | Found Zerhus's Assorted Antiques.
  8341 | D:7      | Found a flagged portal.
  8350 | Bailey   | Entered a bailey
  8971 | Bailey   | Noticed an orc knight
  8994 | Bailey   | Killed an orc knight
  8995 | Bailey   | Reached skill level 5 in Fighting
  8995 | Bailey   | Reached skill level 5 in Short Blades
  8995 | Bailey   | Reached skill level 5 in Long Blades
  8995 | Bailey   | Reached skill level 5 in Axes
  8995 | Bailey   | Reached skill level 5 in Maces & Flails
  8995 | Bailey   | Reached skill level 5 in Polearms
  8995 | Bailey   | Reached skill level 5 in Staves
  8995 | Bailey   | Reached skill level 5 in Ranged Weapons
  8995 | Bailey   | Reached skill level 5 in Throwing
  8995 | Bailey   | Reached skill level 5 in Armour
  8995 | Bailey   | Reached skill level 5 in Shields
  8995 | Bailey   | Reached skill level 5 in Unarmed Combat
  8995 | Bailey   | Reached skill level 5 in Evocations
  8995 | Bailey   | Reached XP level 10. HP: 25/74 MP: 11/20
  9085 | Bailey   | Identified the +0 plate armour of Absence {Str+3}
 10022 | D:7      | Bought a brass wand for 128 gold pieces
 10022 | D:7      | Bought a wand of flame (4) for 89 gold pieces
 10028 | D:7      | Learned a level 3 spell: Frozen Ramparts
 10232 | D:7      | Identified the +1 leather armour of Defence {-Tele rElec
                  | rF+++ Str-4 SInv}
 10352 | D:7      | Identified a scroll of acquirement
 10352 | D:7      | Acquired a staff of conjuration
 10428 | D:7      | Found Boymoh's Distillery.
 10542 | D:7      | Found Limotex's Weapon Shoppe.
 10561 | D:7      | Found a staircase to the Ecumenical Temple.
 10578 | Temple   | Entered the Ecumenical Temple
 10658 | D:6      | Became a worshipper of Cheibriados the Contemplative
 10789 | D:7      | Found Ykakaif's Jewellery Boutique.
 11256 | D:8      | Found Ginuiju's Assorted Antiques.
 11282 | D:8      | Found a transporter.
 11285 | D:8      | Noticed a kobold demonologist
 11294 | D:8      | Noticed a kobold demonologist
 11373 | D:8      | Found a staircase to the Lair.
 11373 | D:8      | Noticed an elephant
 11538 | D:8      | Reached skill level 5 in Shapeshifting
 11820 | D:8      | Reached * piety under Cheibriados
 11931 | D:8      | Found a transporter.
 12126 | D:8      | Killed an elephant
 12596 | D:9      | Noticed a centaur warrior
 12602 | D:9      | Noticed a two-headed ogre
 12606 | D:9      | Killed a centaur warrior
 12606 | D:9      | Reached ** piety under Cheibriados
 12607 | D:9      | Reached skill level 5 in Hexes
 12607 | D:9      | Reached skill level 5 in Summonings
 12607 | D:9      | Reached skill level 5 in Necromancy
 12607 | D:9      | Reached skill level 5 in Translocations
 12607 | D:9      | Reached skill level 5 in Fire Magic
 12607 | D:9      | Reached skill level 5 in Ice Magic
 12607 | D:9      | Reached skill level 5 in Air Magic
 12607 | D:9      | Reached skill level 5 in Earth Magic
 12607 | D:9      | Reached skill level 5 in Alchemy
 12611 | D:9      | Reached XP level 11. HP: 68/81 MP: 20/22
 12614 | D:9      | Killed a two-headed ogre
 12661 | D:9      | Noticed a manticore
 12671 | D:9      | Killed a manticore
 12681 | D:9      | Noticed an arcanist
 12686 | D:9      | Noticed a manticore
 12687 | D:9      | Killed an arcanist
 12688 | D:9      | Reached skill level 9 in Conjurations
 12693 | D:9      | Killed a manticore
 12784 | D:9      | Noticed a cyan ugly thing
 13044 | D:10     | Entered Level 10 of the Dungeon
 13439 | D:9      | Noticed a deep elf pyromancer
 14108 | D:9      | Noticed a two-headed ogre
 14123 | D:10     | Killed a two-headed ogre
 14152 | D:9      | Slain by a fire elemental

Illustrated notes

Levels and vault maps discovered:
D:1:      lemuel_arrival_broad_hall, layout_loops_corners,
          ebering_ecumenical_altar_petrified, serial_shops, shop,
          grunt_decor_cap
D:2:      layout_loops_corners, serial_shops, shop, basic_altar
D:3:      layout_loops_ring, marbit_many_paths, nicolae_overflow_hidden_temple,
          ebering_ghost_sewer_f, uniq_terence, uniq_sigmund
D:4:      layout_cave_pools, nicolae_gozag_zags_fifth_avenue,
          minmay_misc_feat_rugged, uniq_eustachio, uniq_menkaure, uniq_edmund,
          uniq_crazy_yiuf_cottage, uniq_duvessa
D:5:      layout_basic, fedhas_altar_4, gup_sewer_entry_spiral,
          uniq_blork_the_orc, uniq_ijyb
D:6:      layout_cave_pools, gammafunk_temple_overflow_pools,
          cheibriados_altar_1
D:7:      layout_basic, minmay_temple_entry_mini_moons, enter_bailey_8,
          serial_shops, shop, nicolae_shop_rolling_square, shop, shop,
          grunt_decor_one_mirror, hex_tiny, minmay_joined_circles
D:8:      gammafunk_wand_slinger, layout_basic, david_lair_generic,
          serial_shops, shop
D:9:      minmay_the_grid_octo_triangle [minmay_the_grid_octo_pinwheel,
          minmay_the_grid_octo_prize_big_c, minmay_the_grid_octo_teeth],
          layout_rooms, mainiacjoe_overflow_catwalk
D:10:     minmay_chambers_of_sevens, layout_basic, uniq_psyche, uniq_amaemon,
          uniq_grum
Temple:   nicolae_temple_bog_church

Skill      XL: |  1  2  3  4  5  6  7  8  9 10 11 |
---------------+----------------------------------+-----
Spellcasting   | 5 6 7 8 |  8.4
Invocations    | 1 2 3 4 5 6 7 |  7.2
Fighting       | 1 2 3 5 6 |  6.6
Short Blades   | 1 2 3 5 6 |  6.6
Long Blades    | 1 2 3 5 6 |  6.6
Axes           | 1 2 3 5 6 |  6.6
Maces & Flails | 1 2 3 5 6 |  6.6
Polearms       | 1 2 3 5 6 |  6.6
Staves         | 1 2 3 5 6 |  6.6
Ranged Weapons | 1 2 3 5 6 |  6.6
Throwing       | 1 2 3 5 6 |  6.6
Armour         | 1 2 3 5 6 |  6.6
Shields        | 1 2 3 5 6 |  6.6
Unarmed Combat | 1 2 3 5 6 |  6.6
Evocations     | 1 2 3 5 6 |  6.6
Shapeshifting  | 1 2 3 4 5 6 |  6.0
Hexes          | 1 2 3 4 5 |  5.4
Summonings     | 1 2 3 4 5 |  5.4
Necromancy     | 1 2 3 4 5 |  5.4
Translocations | 1 2 3 4 5 |  5.4
Fire Magic     | 1 2 3 4 5 |  5.4
Ice Magic      | 1 2 3 4 5 |  5.4
Air Magic      | 1 2 3 4 5 |  5.4
Earth Magic    | 1 2 3 4 5 |  5.4
Alchemy        | 1 2 3 4 5 |  5.4
Dodging        | 5 6 7 8 |  8.1
Stealth        | 5 6 7 |  7.9
Conjurations   | 8 9 |  9.1

Action                     |  1- 3 |  4- 6 |  7- 9 | 10-12 || total
---------------------------+-------+-------+-------+-------++-------
  Melee: Spear             |     5 |    10 |       |       ||    15
         Short sword       |       |       |   192 |       ||   192
         Bite              |       |       |    29 |    31 ||    60
         Punch             |       |       |    12 |     5 ||    17
         Flail             |       |       |    64 |    46 ||   110
         Staff             |       |       |       |    62 ||    62
         Halberd           |       |       |       |   119 ||   119
   Cast: Magic Dart        |    78 |    48 |   234 |    63 ||   423
         Searing Ray       |       |     6 |    28 |    18 ||    52
         Frozen Ramparts   |       |       |       |    28 ||    28
 Invoke: Bend Time         |       |       |       |     1 ||     1
    Use: Scroll            |       |     1 |    13 |     8 ||    22
         Potion            |       |       |     3 |     3 ||     6
   Stab: Sleeping          |       |     1 |     5 |     1 ||     7
 Armour: Robe              |     5 |    10 |    34 |       ||    49
         Leather armour    |       |       |   143 |   210 ||   353
  Dodge: Dodged            |    14 |    13 |   205 |   231 ||   463
